 Dungeon Crawl Stone Soup version 0.27-a0-1147-gb3d8e82157 (webtiles) character file.

Game seed: 5162718053319187977

136 Ijustatesigmund the Chopper (level 5, 0/37 HPs)
             Began as an Octopode Fighter on May 11, 2021.
             Slain by a howler monkey (6 damage)
             ... on level 4 of the Dungeon.
             The game lasted 00:04:02 (3642 turns).

Ijustatesigmund the Chopper (Octopode Fighter)      Turns: 3642, Time: 00:04:04

Health: 0/37       AC:  1    Str: 15    XL:     5   Next: 19%
Magic:  5/5        EV: 12    Int: 17    God:
Gold:   220        SH: 10    Dex: 19    Spells: 4/4 levels left

rFire    . . .     SeeInvis .   a - +0 war axe
rCold    . . .     Faith    .   b - +1 kite shield
rNeg     . . .     Spirit   .   (helmet restricted)
rPois    .         Reflect  .   (no amulet)
rElec    .         Harm     .   h - ring of Pofaz {*Slow Int+7 Dex+6 Slay+5}
rCorr    .         Rampage  .   (no ring)
Will     .....                  (no ring)
Stlth    +++.......             (no ring)
HPRegen  0.12/turn              (no ring)
MPRegen  0.09/turn              (no ring)
                                (no ring)
                                (no ring)

@: no status effects
A: almost no armour, amphibious, 8 rings, camouflage 1, gelatinous body 1,
(nimble swimmer 1), tentacles
a: no special abilities


You were on level 4 of the Dungeon.
You visited 1 branch of the dungeon, and saw 4 of its levels.

You collected 220 gold pieces.

Inventory:

Hand Weapons
 a - a +0 war axe (weapon)
Armour
 b - a +1 kite shield (worn)
Jewellery
 f - a ring of fire
 h - the ring of Pofaz (left tentacle) {*Slow Int+7 Dex+6 Slay+5}
   (You acquired it on level 3 of the Dungeon)

   [ring of dexterity]

   It affects your intelligence (+7).
   It affects your dexterity (+6).
   It affects your accuracy and damage with ranged weapons and melee attacks
   (+5).
   It may slow you when you take damage.
Wands
 j - a wand of digging (7)
 k - a wand of flame (19)
Scrolls
 e - a scroll of identify
Potions
 c - 2 potions of might
 d - a potion of attraction


   Skills:
 + Level 4.0 Fighting
 * Level 4.4 Axes
 - Level 3.0 Dodging
 - Level 3.0 Shields


You had 4 spell levels left.
You didn't know any spells.
Your spell library was empty.

Dungeon Overview and Level Annotations

Branches:
Dungeon (4/15)
 Temple: D:4-7

Altars:


Innate Abilities, Weirdness & Mutations

You cannot wear most types of armour.
You are amphibious.
You can wear up to eight rings at the same time.
Your skin changes colour to match your surroundings (Stealth+).
Your rubbery body absorbs attacks. (AC +1, EV +1)
((You are camouflaged near water. (Stealth+)))
You have tentacles for arms and can constrict up to eight enemies at once.


Message History

Found a stone staircase leading up.
An adder comes into view.
The howler monkey howls!
The adder hisses angrily.
The howler monkey hoots and howls with incredible vigour!
The adder hisses angrily.
You hear a shout! x3
You miss the adder. You grab the adder. You squeeze the adder.
The adder is moderately wounded.
You miss the adder. You constrict the adder. The adder bites you.
You are poisoned.
The adder poisons you! The adder bites you.
You are more poisoned.
The adder poisons you! The adder bites you. The adder barely misses you.
You slash the adder! Your grab misses the adder.
The adder is almost dead.
You hit the howler monkey. You completely miss the adder.
You constrict the adder.
You feel very sick. The adder bites you. The adder barely misses you.
The howler monkey hits you!
* * * LOW HITPOINT WARNING * * *
You block the adder's attack. The adder barely misses you.
The howler monkey hits you!
* * * LOW HITPOINT WARNING * * *
You feel better.
You constrict the adder. The adder barely misses you.
The adder completely misses you. The howler monkey closely misses you.
You block the adder's attack. The adder misses you.
You slash the adder!
You kill the adder!
You hit the adder.
You kill the adder!
You closely miss the howler monkey. You block the howler monkey's attack.
The howler monkey hoots and howls with incredible vigour!
You hear a shout! x2
Your Fighting skill increases to level 4!
You hit the howler monkey. You grab the howler monkey.
Your squeeze misses the howler monkey.
The howler monkey is moderately wounded.
You constrict the howler monkey. The howler monkey hits you!
* * * LOW HITPOINT WARNING * * *
The howler monkey hits you.
You die...

#######
##.....##
##.>.....##
#........<#
#........<#
#.........#
#<........#
#....h@...#
#.....††..#
#....$....#
#.........#
#.........#
#.........#
##........#
##........


You could see a howler monkey (catching breath).

Vanquished Creatures
  3 gnolls
  3 adders
  3 dart slugs
  5 orcs (D:3)
  7 ball pythons
  6 bats
  4 endoplasms
  2 giant cockroaches (D:2)
  8 goblins
  5 hobgoblins
  5 jackals
  2 quokkas
  A frilled lizard (D:3)
  4 kobolds
  7 rats
65 creatures vanquished.

Notes
Turn   | Place    | Note
-------+----------+-------------------------------------------
     0 | D:1      | Ijustatesigmund the Octopode Fighter began the quest for
                  | the Orb.
     0 | D:1      | Reached XP level 1. HP: 16/16 MP: 1/1
   378 | D:1      | Reached XP level 2. HP: 16/21 MP: 2/2
   743 | D:1      | Found a faded altar of an unknown god.
  1102 | D:2      | Reached XP level 3. HP: 19/26 MP: 3/3
  1495 | D:2      | HP: 1/26 [goblin/sling bullet (8)]
  2435 | D:3      | Reached XP level 4. HP: 26/32 MP: 4/4
  3238 | D:3      | Identified a scroll of acquirement
  3238 | D:3      | Acquired the ring of Pofaz {*Slow Int+7 Dex+6 Slay+5}
  3375 | D:3      | Reached XP level 5. HP: 37/37 MP: 5/5
  3642 | D:4      | Slain by a howler monkey

Illustrated notes

Levels and vault maps discovered:
D:1:      saegor_arrival_under_anarchy, layout_loops_corners,
          chequers_ecumenical_altar_simple, glass_columns_a
D:2:      layout_loops_ring
D:3:      layout_rooms
D:4:      layout_rooms, grunt_ministairs_1, minmay_snake_closets

Skill      XL: |  1  2  3  4  5 |
---------------+----------------+-----
Axes           | 3 4 |  4.4
Fighting       | 4 |  4.0
Dodging        | |  3.0
Shields        | |  3.0

Action                   |  1- 3 |  4- 6 || total
-------------------------+-------+-------++-------
Melee: War axe           |    67 |    42 ||   109
       Constrict         |    17 |     8 ||    25
       Tentacles         |    11 |     3 ||    14
  Use: Scroll            |     2 |     6 ||     8
       Potion            |     1 |     1 ||     2
 Stab: Sleeping          |     5 |     1 ||     6
Armor: Skin              |     5 |     2 ||     7
Dodge: Dodged            |    39 |    23 ||    62
Block: Kite shield       |    39 |    18 ||    57

Table legend: (Time is in decaauts)
 A = Elapsed time spent in this place.
 B = Non-inter-level travel time spent in this place.
 C = Inter-level travel time spent in this place.
 D = Time resting spent in this place.
 E = Time spent auto-exploring this place.
 F = Levels seen in this place.
 G = Mean time per level.
                   A        B        C        D        E       F      G
               +--------+--------+--------+--------+--------+-----+--------+
         Total |   3716 |   3630 |     86 |    822 |   2385 |   4 |  929.0 |
       Dungeon |   3716 |   3630 |     86 |    822 |   2385 |   4 |  929.0 |
               +--------+--------+--------+--------+--------+-----+--------+

Top non-repeatable levels by time:
     D:2: 1925 daAuts
     D:1: 1012 daAuts
     D:3: 767 daAuts
     D:4: 10 daAuts
